 Dungeon Crawl Stone Soup version 0.29.0-13-gc9e81de378 (webtiles) character file.

Game seed: 4804704481181982089

7 ILmort the Conjurer (level 1, 0/14 HPs)
             Began as a Draconian Conjurer on Sept 9, 2022.
             Slain by a jackal (3 damage)
             ... on level 1 of the Dungeon.
             The game lasted 00:01:06 (103 turns).

ILmort the Conjurer (Draconian Conjurer)             Turns: 103, Time: 00:01:07

Health: 0/14       AC:  4    Str:  9    XL:     1   Next: 83%
Magic:  2/3        EV: 12    Int: 18    God:
Gold:   6          SH:  0    Dex:  9    Spells: 3/4 levels left

rFire   . . .      SeeInvis .   c - +0 dagger
rCold   . . .      Faith    .   (no shield)
rNeg    . . .      Spirit   .   (body armour unavailable)
rPois   .          Reflect  .   (helmet restricted)
rElec   .          Harm     .   (no cloak)
rCorr   .          Rampage  .   (no gloves)
Will    .....                   (no boots)
Stlth   ++........              (no amulet)
HPRegen 0.04/turn               (no ring)
MPRegen 0.08/turn               (no ring)

@: no status effects
A: AC +4, unfitting armour, cold-blooded
a: no special abilities


You were on level 1 of the Dungeon.
You visited 1 branch of the dungeon, and saw 1 of its levels.

You collected 6 gold pieces.

Inventory:

Hand Weapons
 c - a +0 dagger (weapon)
Potions
 a - a potion of magic
 b - a potion of mutation {unknown}


   Skills:
 - Level 1.7 Dodging
 - Level 1.7 Stealth
 + Level 2.1 Spellcasting
 * Level 4.2 Conjurations


You had 3 spell levels left.
You knew the following spells:

 Your Spells              Type           Power      Damage    Failure   Level
a - Magic Dart            Conj           68%        1d6       3%          1

Your spell library contained the following spells:

 Spells                   Type           Power      Damage    Failure   Level
 Searing Ray              Conj           34%        2d5       4%          2
 Dazzling Flash           Conj/Hex       18%        N/A       22%         3
 Fulminant Prism          Conj/Hex       4%         3d6       58%         4
 Iskenderun's Mystic Bla  Conj/Tloc      9%         2d4       58%         4


Dungeon Overview and Level Annotations

Branches:
Dungeon (1/15)

Altars:


Innate Abilities, Weirdness & Mutations

Your plain brown scales are hard. (AC +4)
You cannot fit into any form of body armour.
You are cold-blooded and may be slowed by cold attacks.


Message History

You hit the jackal but do no damage. The jackal barely misses you. x2
You barely miss the jackal.
Your tail-slap misses the jackal.
The jackal closely misses you.
You completely miss the jackal. The jackal bites you.
* * * LOW HITPOINT WARNING * * *
The jackal completely misses you.
You barely miss the jackal.
The jackal bites you but does no damage.
You hit the jackal but do no damage. The jackal closely misses you.
You hit the jackal but do no damage. The jackal closely misses you. x2
You closely miss the jackal.
The jackal bites you but does no damage.
You hit the jackal but do no damage.
The jackal bites you but does no damage.
The jackal closely misses you.
You hit the jackal but do no damage. You tail-slap the jackal.
The jackal barely misses you.
You closely miss the jackal.
You tail-slap the jackal, but do no damage.
The jackal bites you.
* * * LOW HITPOINT WARNING * * *
You closely miss the jackal. You tail-slap the jackal.
You kill the jackal!
A kobold comes into view. It is wielding a +0 dagger.
The jackal bites you but does no damage.
The kobold shouts!
You hit the jackal but do no damage. The jackal closely misses you.
You barely miss the jackal. The jackal misses you.
The jackal closely misses you.
You closely miss the jackal.
The jackal bites you but does no damage.
You closely miss the jackal. The jackal misses you.
You barely miss the jackal. The jackal misses you.
The jackal closely misses you.
You closely miss the jackal. The jackal barely misses you.
You barely miss the jackal.
You tail-slap the jackal, but do no damage.
The jackal bites you but does no damage. x2
You hit the jackal. The jackal bites you.
You die...

. #..##...##...#
..##..###+###...#
)..........[..#
?...........#
#.#####.##.##.##.#
#........†.......#
..h.$..K...#######
....###h#### ###
#@# #.# #.# ..#
..# ##.# #.# #.#


You could see a jackal and a kobold.

Vanquished Creatures
  A goblin (D:1)
  3 jackals (D:1)
  A quokka (D:1)
5 creatures vanquished.

Notes
Turn   | Place    | Note
-------+----------+-------------------------------------------
     0 | D:1      | ILmort the Draconian Conjurer began the quest for the Orb.
     0 | D:1      | Reached XP level 1. HP: 14/14 MP: 3/3
   103 | D:1      | Slain by a jackal

Illustrated notes

Levels and vault maps discovered:
D:1:      minmay_arrival_stone_box, layout_loops_ring, grunt_decor_arrowhead

Action                   || total
-------------------------++-------
Melee: Dagger            ||    29
       Tailslap          ||     4
 Cast: Magic Dart        ||     7
Armor: Skin              ||    13
Dodge: Dodged            ||    23
